cohdb
Replays
Latest Replays
All Replays
Popular Replays
Top Player Replays
Match Explorer
How It Works
Community
CoH3 Stats
Reddit
Sign in to upload your games and track your stats! →
Sign in with Steam
Match 46157713
Unlisted
Match 46157713
Overview
Messages
Build Orders
End
Kettenkrad Recon Vehicle
Construct Infanterie Kompanie
Selects Italian Coastal Battlegroup
Selects Coastal Reserves
MG 42 Machine Gun Team
Grenadier Squad
Coastal Reserve
Selects Artillery Officer
Artillery Officer
Medical Station
Construct Panzergrenadier Kompanie
251 Medium Carrier
Artillery Officer
Construct Panzer Kompanie
Pak 40 Anti-tank Gun Team
Pioneer Squad
Construct Panzer Kompanie
Panzer IV Medium Tank
Selects Support Bunkers
Selects Rapid Fortifications
Rapid Fortifications
MG 42 Bunker
Sturmpanzer IV Brummbär
Selects Bulwark
Rapid Fortifications
Side Skirts
Anti-tank Bunker
Panzer Officer Quarters
Stoßtruppen Squad
Panzer IV Medium Tank
Selects Obice da 210/22 Artillery Emplacement
Rapid Fortifications
MG 42 Bunker
AI Takeover
CV33 Tankette
margnus17
LOPO
DHellstrom
Romaneck
Hi
CommieRed
Thank You Chef
0
0
Comments
sign in to comment!
No comments posted yet!